 Dungeon Crawl Stone Soup version 0.30.1 (webtiles) character file.

Game seed: 3884141422043960315

3154 tizbic2 the Fighter (level 10, -2/77 (78) HPs)
             Began as a Djinni Necromancer on July 5, 2023.
             Killed by miscasting Agony (7 damage)
             ... on level 7 of the Dungeon.
             The game lasted 00:32:06 (6843 turns).

tizbic2 the Fighter (Djinni Necromancer)            Turns: 6843, Time: 00:32:09

HP:   -2/77 (78)    AC: 11    Str:  9    XL:     10   Next: 15%
Gold: 461           EV: 11    Int: 20    God:
                    SH:  5    Dex: 13

rFire   + + .        A - staff of death
rCold   x . .        (no shield)
rNeg    + . .        r - +4 ring mail
rPois   ∞            F - +0 helmet
rElec   .            (no cloak)
rCorr   .            (no gloves)
SInv    .            (boots unavailable)
Will    ++...        v - amulet of reflection
Stlth   +            l - ring of wizardry
HPRegen 0.32/turn    d - ring of willpower
MPRegen 0.00/turn

%: reflection, wizardry (x1), infuse magic (-3 HP)
@: flying, very slightly contaminated, lightly drained
A: sickness immunity, fire resistance 2, cold vulnerability 1, float, innate
caster, HP casting, extra vitality 1, mutation resistance 1
a: no special abilities


You were on level 7 of the Dungeon.
You visited 2 branches of the dungeon, and saw 9 of its levels.
You also visited: Sewer.

You collected 461 gold pieces.

Inventory:

Hand Weapons
 a - a +2 morningstar of venom
 t - a +0 sling
 y - a +5 short sword of draining
 I - a +2 short sword of freezing
 J - a +2 whip of venom
Missiles
 b - 80 stones
 m - 20 poisoned darts
 x - 3 boomerangs
 M - 5 curare-tipped darts
Armour
 r - a +4 ring mail (worn)
 F - a +0 helmet (worn)
 O - +0 steam dragon scales
Magical Staves
 A - a staff of death (weapon)
Jewellery
 d - a ring of willpower (right hand)
 l - a ring of wizardry (left hand)
 s - a ring of resist corrosion
 v - an amulet of reflection (around neck)
 L - a ring of protection from fire
Wands
 B - a wand of polymorph (4)
 H - a wand of roots (2)
 K - a wand of mindburst (17)
Scrolls
 e - a scroll of fog {unknown}
 n - 2 scrolls of amnesia {unknown}
 p - 2 scrolls of immolation {unknown}
 q - 2 scrolls of teleportation
 w - a scroll of noise {unknown}
 D - a scroll of identify
 G - a scroll of magic mapping {unknown}
 N - a scroll of blinking {unknown}
Potions
 c - a potion of heal wounds {unknown}
 f - 2 potions of cancellation
 g - 2 potions of resistance
 h - a potion of lignification {unknown}
 i - 2 potions of mutation
 j - 2 potions of attraction {unknown}
 k - 2 potions of curing
 o - a potion of brilliance {unknown}
 u - 2 potions of haste
 z - a potion of magic {unknown}
 C - a potion of might {unknown}
 E - a potion of ambrosia {unknown}


   Skills:
 * Level 9.0 Fighting
 - Level 1.7 Short Blades
 + Level 3.9 Staves
 + Level 4.3 Armour
 - Level 4.9 Dodging
 - Level 1.5 Stealth
 + Level 5.8 Spellcasting


You knew the following spells:

 Your Spells              Type           Power      Damage    Failure   Level
a - Necrotise             Necr           100%       1d9       1%          1
b - Vampiric Draining     Necr           43%        2d9       3%          3
c - Animate Dead          Necr           43%        N/A       10%         4
d - Agony                 Necr           43%        N/A       26%         5
e - Shock                 Conj/Air       100%       1d9       1%          1
f - Lesser Beckoning      Tloc           58%        N/A       1%          2
g - Tukima's Dance        Hex            29%        N/A       3%          3
h - Fulminant Prism       Conj/Hex       14%        3d8       10%         4
Your spell library was empty.

Dungeon Overview and Level Annotations

Branches:
Dungeon (8/15)             Temple (1/1) D:5           Sewer (visited)
   Lair: D:8-11

Altars:
Cheibriados
Dithmenos
Elyvilon
Fedhas
Gozag
Hepliaklqana
Makhleb
Nemelex Xobeh
Qazlal
Ru
Trog
Uskayaw
Wu Jian
Xom
Yredelemnul
Zin
The Shining One


Innate Abilities, Weirdness & Mutations

You are immune to sickness and miasma.
You are immune to poison.
Your flesh is very heat resistant. (rF++)
You are vulnerable to cold. (rC-)
You float through the air rather than walking.
You learn spells naturally, not from books.
Your magical power is your life essence.
You have superior vitality. (+4 MHP)
You are somewhat resistant to further mutation.


Message History

a +0 battleaxe; a +0 scale mail Your orc zombie closely misses the orc warrior.
The acid dragon spits acid at you.
The splash of acid hits your orc zombie!
The acid corrodes your orc zombie!
Your orc zombie is destroyed!
There is an open door here.
You reach down and close the door.
A troll opens the door.
There is an open door here.
The troll attacks as you move away! The troll bites you.
You block the troll's attack. The troll claws you but does no damage.
The troll attacks as you move away! The troll bites you.
The troll claws you but does no damage. The troll misses you.
The troll attacks as you move away! The troll barely misses you.
The troll claws you but does no damage. x2
The troll attacks as you move away! You block the troll's attack.
The troll barely misses you. The troll claws you but does no damage.
The troll attacks as you move away! The troll barely misses you.
The troll claws you but does no damage. The troll claws you.
* * * LOW HITPOINT WARNING * * *
The troll attacks as you move away! The troll completely misses you.
The troll claws you.
* * * LOW HITPOINT WARNING * * *
The troll closely misses you.
There is a stone staircase leading up here.
The troll bites you!
* * * LOW HITPOINT WARNING * * *
You block the troll's attack. The troll misses you.
You fly upwards.
There is a stone staircase leading down here.
Casting: Vampiric Draining (dangerous; 3% risk of failure)
Confirm with . or Enter, or press ? or * to list all spells.
The spell is quite dangerous to miscast (26% risk of failure)!
Continue anyway?
Aiming: Agony (quite dangerous; 26% risk of failure)
Press: ? - help, Shift-Dir - straight line, f - troll
Aim: a troll (chance to affect: 97%)
You feel a surge of power!
You miscast Agony.
You are very lightly contaminated with residual magic.
Your flesh rots away!
You partially resist.
You feel drained.
You die...

...['.....#.............#
#.#
....#######..#######.##.#
#.# ....# #...#..###
#..##.### #.# ....#
#.#.#....####.###...# #<#
....# #.#.#.##.##...#
###.# ### .#'##
#.#.#.##.##.### #.# .#.#
#.#...##.##.# #.# .#.#
#.######.#[)#######.#
.#.# #.# #.T@.......#.#
.#.####.#
##########.#.####
.#......# #.#....#
.######## #....#.# .#
####.#.## ## #.#..#
#.##.# ###############
#.##.# #....>........#
#.##.#


You could see a troll.

Vanquished Creatures
  Grinder (D:6)
  A wyvern (D:8)
  A steam dragon (D:7)
  Duvessa (D:4)
  2 water moccasins
  An orc warrior (D:7)
  A black bear (D:5)
  An ice beast (D:3)
  3 centaurs
  A kobold brigand (D:6)
  4 bullfrogs
  A scorpion (D:7)
  A gnoll sergeant (D:7)
  5 wights (D:7)
  Dowan (D:4)
  4 killer bees (D:8)
  2 howler monkeys (D:8)
  4 hounds
  3 jellies
  3 orc priests
  A gnoll bouda (D:5)
  2 iguanas
  A sleepcap (D:4)
  2 orc wizards
  9 gnolls
  7 adders
  A shadow imp (D:5)
  A white imp (D:6)
  4 dart slugs
  24 orcs
  5 endoplasms
  12 giant cockroaches
  2 goblins
  3 hobgoblins
  A jackal (D:1)
  6 quokkas
  7 ball pythons
  8 bats
  8 frilled lizards
  9 kobolds
  4 rats
158 creatures vanquished.

Vanquished Creatures (collateral kills)
  A bullfrog (D:8)
  A howler monkey (D:8)
  A gnoll (D:7)
  A shadow imp (D:8)
  2 orcs (D:8)
  A giant cockroach (D:1)
  A jackal (D:1)
8 creatures vanquished.

Vanquished Creatures (others)
  A wyvern zombie (D:8)
  A water moccasin zombie (D:8)
  2 centaur zombies (D:8)
  A scorpion zombie (D:7)
  A killer bee zombie (D:8)
  A hound zombie (D:7)
  2 howler monkey zombies (D:8)
  6 gnoll zombies (D:7)
  An orc zombie (D:8)
  2 fulminant prisms (D:6)
18 creatures vanquished.

Grand Total: 184 creatures vanquished

Notes
Turn   | Place    | Note
-------+----------+-------------------------------------------
     0 | D:1      | tizbic2 the Djinni Necromancer began the quest for the Orb.
     0 | D:1      | tizbic2 set off with the following spells memorised:
                  | Necrotise, Vampiric Draining, Animate Dead, Agony.
     0 | D:1      | Reached XP level 1. HP: 15/15 MP: 0/0
   266 | D:1      | Reached skill level 1 in Fighting
   305 | D:1      | Reached XP level 2. HP: 21/22 MP: 0/0
   581 | D:1      | Reached XP level 3. HP: 15/28 MP: 0/0
   581 | D:1      | Learned a level 1 spell: Shock
   676 | D:1      | Reached skill level 2 in Fighting
  1570 | D:3      | Gained mutation: You are somewhat resistant to further
                  | mutation. [potion of mutation]
  1803 | D:3      | Noticed an ice beast
  1807 | D:3      | Killed an ice beast
  1808 | D:3      | Reached skill level 3 in Fighting
  1808 | D:3      | Reached XP level 4. HP: 5/35 MP: 0/0
  1808 | D:3      | Reached XP level 5. HP: 5/40 MP: 0/0
  1808 | D:3      | Learned a level 2 spell: Lesser Beckoning
  2452 | D:4      | Found a sparkling altar of Nemelex Xobeh.
  2553 | D:4      | Noticed a bullfrog
  2560 | D:4      | Killed a bullfrog
  2561 | D:4      | Reached skill level 4 in Fighting
  2561 | D:4      | Reached XP level 6. HP: 12/47 MP: 0/0
  2764 | D:4      | Noticed Dowan
  2768 | D:4      | Noticed Duvessa
  2776 | D:4      | Killed Duvessa
  2777 | D:4      | Reached XP level 7. HP: 38/53 MP: 0/0
  2777 | D:4      | Learned a level 3 spell: Tukima's Dance
  2786 | D:4      | Killed Dowan
  2787 | D:4      | Reached skill level 5 in Fighting
  3325 | D:5      | Entered Level 5 of the Dungeon
  3447 | D:5      | Reached skill level 1 in Short Blades
  3525 | D:5      | Reached XP level 8. HP: 29/61 MP: 0/0
  3638 | D:5      | Found a staircase to the Ecumenical Temple.
  3647 | Temple   | Entered the Ecumenical Temple
  4038 | D:5      | Found a glowing drain.
  4057 | Sewer    | Entered a sewer
  4211 | Sewer    | Reached skill level 6 in Fighting
  4578 | D:6      | Found a glowing silver altar of Zin.
  4607 | D:6      | Noticed Grinder
  4631 | D:6      | Killed Grinder
  4632 | D:6      | Reached skill level 1 in Staves
  4632 | D:6      | Reached skill level 1 in Armour
  4862 | D:6      | Reached skill level 7 in Fighting
  4862 | D:6      | Reached skill level 5 in Spellcasting
  4862 | D:6      | Reached XP level 9. HP: 36/68 MP: 0/0
  4862 | D:6      | Learned a level 4 spell: Fulminant Prism
  5062 | D:6      | Found a hide-covered altar of Uskayaw.
  5833 | D:7      | Found a blossoming altar of Fedhas.
  6088 | D:7      | Reached skill level 8 in Fighting
  6688 | D:8      | Reached XP level 10. HP: 37/77 MP: 0/0
  6801 | D:8      | Reached skill level 9 in Fighting
  6843 | D:7      | Killed by miscasting Agony

Illustrated notes

Levels and vault maps discovered:
D:1:      nagdon_arrival_zigzag_paths, layout_basic, minmay_pentomino_r4
D:2:      layout_basic
D:3:      layout_loops_ring
D:4:      layout_loops_cross, nemelex_diamond_rough_becter,
          minmay_misc_feat_iff, uniq_duvessa
D:5:      layout_rooms, temple_hall, gup_sewer_entry_pipe, patterned_corridor
D:6:      layout_basic, mainiacjoe_overflow_catch_the_wave, uniq_grinder
D:7:      layout_basic, grunt_temple_overflow_growth_and_decay
D:8:      minmay_slanted_spiral_squares, layout_cave_pools, lair_entry_dummy,
          uniq_joseph
Temple:   regret_index_temple_generic_petals

Skill      XL: |  1  2  3  4  5  6  7  8  9 10 |
---------------+-------------------------------+-----
Fighting       | 1 3 4 5 7 8 9 |  9.0
Dodging        | 3 4 |  4.9
Spellcasting   | 4 5 |  5.8
Short Blades   | 1 |  1.7
Staves         | 1 3 |  3.9
Armour         | 2 3 4 |  4.3
Stealth        | |  1.5

Action                     |  1- 3 |  4- 6 |  7- 9 | 10-12 || total
---------------------------+-------+-------+-------+-------++-------
  Melee: Mace              |     7 |       |       |       ||     7
         Short sword       |    35 |       |    12 |       ||    47
         Unarmed           |     3 |       |       |       ||     3
         Punch             |     1 |       |     2 |       ||     3
         Morningstar       |       |       |    87 |       ||    87
         Staff             |       |       |    48 |     1 ||    49
   Fire: Sling             |     6 |    31 |     1 |       ||    38
  Throw: Stone             |     5 |       |       |       ||     5
   Cast: Necrotise         |    18 |     1 |    40 |       ||    59
         Shock             |    14 |    16 |    93 |       ||   123
         Vampiric Draining |     7 |    17 |    60 |    13 ||    97
         Lesser Beckoning  |       |     1 |       |       ||     1
         Animate Dead      |       |       |     4 |     1 ||     5
         Fulminant Prism   |       |       |     2 |       ||     2
    Use: Potion            |     2 |       |       |       ||     2
         Scroll            |     4 |       |     6 |       ||    10
   Stab: Sleeping          |     1 |       |     1 |       ||     2
 Armour: Robe              |    23 |       |       |       ||    23
         Ring mail         |       |     5 |   122 |    17 ||   144
  Dodge: Dodged            |    56 |    19 |   170 |    17 ||   262
  Block: Other             |       |     8 |    68 |     9 ||    85
         Reflection        |       |       |     4 |       ||     4
